 Dungeon Crawl Stone Soup version 0.22.1-6-g1668fe2c40 (webtiles) character file.

2984 Kohma the Grappler (level 9, -15/92 HPs)
             Began as a Troll Monk on Jan 22, 2019.
             Was a Priest of Wu Jian.
             Demolished by an orc warrior
             ... wielding a +0 trident
              (25 damage)
             ... on level 7 of the Dungeon.
             The game lasted 00:17:32 (5112 turns).

Kohma the Grappler (Troll Monk)                     Turns: 5112, Time: 00:17:33

Health: -15/92     AC:  7    Str: 21    XL:     9   Next: 53%
Magic:  8/8        EV: 11    Int:  6    God:    Wu Jian [***...]
Gold:   445        SH:  0    Dex: 15    Spells: 7/8 levels left

rFire    . . .     SeeInvis .     - Unarmed
rCold    . . .     Gourm    +   (no shield)
rNeg     . . .     Faith    .   n - +2 robe {MR+}
rPois    .         Spirit   .   (helmet restricted)
rElec    .         Reflect  .   (no cloak)
rCorr    .         Harm     .   (gloves unavailable)
MR       +....                  (boots unavailable)
Stlth    ++........             (no amulet)
HPRegen  0.65/turn              (no ring)
MPRegen  0.11/turn              (no ring)

@: no status effects
A: large, unfitting armour, claws 3, fast metabolism 3, gourmand, regeneration
1, shaggy fur 1, tough skin 2
a: Wall Jump, Serpent's Lash, Renounce Religion


You were on level 7 of the Dungeon.
You worshipped Wu Jian.
Wu Jian was most pleased with you.
You were very full.

You visited 2 branches of the dungeon, and saw 8 of its levels.

You collected 445 gold pieces.

Inventory:

Hand Weapons
 a - a +0 blowgun
Missiles
 e - 141 stones
 k - a throwing net (quivered)
 o - 8 javelins
Armour
 n - a +2 robe of magic resistance (worn)
Wands
 m - a wand of flame (7)
 u - a wand of polymorph (16)
Scrolls
 c - 3 scrolls of remove curse
 g - 3 scrolls of enchant armour
 i - a scroll of amnesia
 p - 5 scrolls of teleportation
 t - 2 scrolls of immolation {unknown}
 v - a scroll of identify
 w - a scroll of enchant weapon {unknown}
Potions
 d - a potion of lignification
 f - 3 potions of curing
 h - a potion of brilliance
 j - 2 potions of cancellation
 l - a potion of magic {unknown}
 r - a potion of might {unknown}
 s - 2 potions of agility {unknown}
Comestibles
 b - 17 rations
 q - 14 chunks of flesh


   Skills:
 + Level 6.9 Fighting
 - Level 2.4 Dodging
 - Level 1.0 Stealth
 * Level 11.2 Unarmed Combat


You had 7 spell levels left.
You knew the following spells:

 Your Spells              Type           Power        Failure   Level  Hunger
a - Confusing Touch       Hex            #.....       45%         1    ##.....

Your spell library contained the following spells:

 Spells                   Type           Power        Failure   Level  Hunger
 Animate Skeleton         Necr           N/A          45%         1    ##.....
 Apportation              Tloc           #.....       45%         1    ##.....
 Summon Small Mammal      Summ           #...         45%         1    ##.....


Dungeon Overview and Level Annotations

Branches:
Dungeon (7/15)             Temple (1/1) D:4

Altars:
Ashenzari
Cheibriados
Dithmenos
Elyvilon
Gozag
Hepliaklqana
Kikubaaqudgha
Makhleb
Nemelex Xobeh
Okawaru
Qazlal
Sif Muna
Trog
Wu Jian
Xom
Yredelemnul
Zin
The Shining One
Lugonu


Innate Abilities, Weirdness & Mutations

You are too large for most types of armour.
You have claws for hands.
Your metabolism is lightning-fast.
You like to eat raw meat.
Your natural rate of healing is unusually fast.
You are covered in fur. (AC +1)
You have very tough skin. (AC +2)


Message History

You open the door.
A gnoll shaman comes into view. It is wielding a whip.
The gnoll shaman shouts!
A gnoll comes into view. It is wielding a halberd.
The gnoll hits you from afar with a vampiric spear!
* * * LOW HITPOINT WARNING * * *
The orc priest invokes the aid of Beogh against you.
Beogh smites you!
* * * LOW HITPOINT WARNING * * *
The orc closely misses you. The orc warrior misses you.
The gnoll shouts!
You spin and attack the gnoll.
You closely miss the gnoll.
A gnoll comes into view. It is wielding a spear.
The gnoll shouts!
The gnoll hits you with a flail.
* * * LOW HITPOINT WARNING * * *
The gnoll shaman calls down the wrath of its god upon you.
You resist with almost no effort.
The orc warrior hits you with a trident!!
You die...

...........#. ≈
.........P## ≈≈≈...P
..........#
≈≈.....####.......♣♣
≈≈≈...$#..#...P..♣.♣
≈≈≈....#..#....P..♣♣
≈≈≈....##'#......♣P♣
≈≈≈...........P...♣
##
≈≈≈.....)@...).#P.##
#.
≈≈......ogoP...##..#
#.
≈≈.≈.##'#)g....###)#
#. ≈≈≈≈ #.g#..##''#
#.# #. ≈≈≈
#..#..#...# #)# #. ≈
####oo#..)# #.# #.
g..#...# .#. #.
.g..###'### ## #.
g.g.#..## #.


You could see an orc warrior, 2 gnoll shamans, an orc priest, 3 gnolls and 2
orcs.

Vanquished Creatures
  A centaur skeleton (D:7)
  Sigmund (D:2)
  An orc warrior (D:7)
  An ice beast (D:5)
  A black bear (D:5)
  A sky beast (D:5)
  A phantom (D:6)
  5 ogres
  2 centaurs
  2 big kobolds (D:7)
  A bullfrog (D:7)
  A water moccasin zombie (D:6)
  A howler monkey (D:4)
  3 crimson imps
  3 bullfrog skeletons
  5 hounds
  A jelly (D:6)
  3 orc priests
  A gnoll shaman (D:7)
  7 orc wizards
  Jessica (D:2)
  4 iguanas
  3 worker ants
  2 hound skeletons
  A howler monkey zombie (D:7)
  5 gnolls
  9 adders
  An ooze (D:3)
  An adder zombie (D:6)
  3 worms
  4 dart slugs
  4 leopard geckos
  22 orcs
  3 ball pythons
  A giant cockroach (D:4)
  9 goblins
  8 hobgoblins
  9 jackals
  10 bats
  4 frilled lizards
  2 gnoll zombies (D:5)
  8 kobolds
  A leopard gecko zombie (D:6)
  8 rats
  A plant (D:7)
166 creatures vanquished.

Vanquished Creatures (others)
  2 fungi (D:7)
2 creatures vanquished.

Grand Total: 168 creatures vanquished

Notes
Turn   | Place    | Note
-------+----------+-------------------------------------------
     0 | D:1      | Kohma the Troll Monk began the quest for the Orb.
     0 | D:1      | Reached XP level 1. HP: 22/22 MP: 0/0
   321 | D:1      | Reached XP level 2. HP: 23/29 MP: 1/1
   385 | D:1      | Found a sparkling altar of Nemelex Xobeh.
   934 | D:2      | Reached XP level 3. HP: 36/36 MP: 2/2
   960 | D:2      | Reached skill level 4 in Unarmed Combat
   985 | D:2      | Noticed Jessica
   991 | D:2      | Killed Jessica
   991 | D:2      | Reached XP level 4. HP: 43/45 MP: 3/3
  1003 | D:2      | Noticed Sigmund
  1011 | D:2      | Killed Sigmund
  1011 | D:2      | Reached skill level 5 in Unarmed Combat
  1011 | D:2      | Reached XP level 5. HP: 41/53 MP: 4/4
  1223 | D:2      | Found a glowing golden altar of the Shining One.
  1223 | D:2      | Found a white marble altar of Elyvilon.
  1224 | D:2      | Found a glowing silver altar of Zin.
  1238 | D:2      | Found a stormy altar of Qazlal.
  1533 | D:2      | Found a shimmering altar of Xom.
  1536 | D:2      | Found a hazy altar of Hepliaklqana.
  1536 | D:2      | Noticed a hungry ghost
  1537 | D:2      | Noticed a hungry ghost
  1537 | D:2      | Noticed a spectral ugly thing
  1613 | D:3      | Noticed an ogre
  1626 | D:3      | Killed an ogre
  1626 | D:3      | Reached skill level 6 in Unarmed Combat
  1626 | D:3      | Reached XP level 6. HP: 47/62 MP: 5/5
  1718 | D:3      | Found an iron altar of Okawaru.
  1817 | D:3      | Found a bloodstained altar of Trog.
  1954 | D:3      | Found an ornate altar of the Wu Jian Council.
  1962 | D:3      | Became a worshipper of the Wu Jian Council
  1962 | D:3      | Reached * piety under Wu Jian
  1962 | D:3      | Reached ** piety under Wu Jian
  2200 | D:4      | Reached XP level 7. HP: 68/70 MP: 6/6
  2205 | D:4      | Found a shattered altar of Ashenzari.
  2359 | D:4      | Reached skill level 7 in Unarmed Combat
  2905 | D:4      | Found a staircase to the Ecumenical Temple.
  2915 | Temple   | Entered the Ecumenical Temple
  3088 | D:5      | Entered Level 5 of the Dungeon
  3225 | D:5      | Reached skill level 5 in Fighting
  3225 | D:5      | Reached skill level 8 in Unarmed Combat
  3240 | D:5      | Reached XP level 8. HP: 64/80 MP: 7/7
  3270 | D:5      | Found a basalt altar of Yredelemnul.
  3640 | D:6      | Reached skill level 9 in Unarmed Combat
  3826 | D:6      | Reached *** piety under Wu Jian
  3858 | D:6      | Learned a level 1 spell: Confusing Touch
  4593 | D:7      | Reached skill level 10 in Unarmed Combat
  4599 | D:7      | Reached XP level 9. HP: 75/89 MP: 8/8
  4787 | D:7      | Found a deep blue altar of Sif Muna.
  5080 | D:7      | Reached skill level 11 in Unarmed Combat
  5112 | D:7      | Demolished by an orc warrior

Skill      XL: |  1  2  3  4  5  6  7  8  9 |
---------------+----------------------------+-----
Unarmed Combat | 4 5 6 8 10 11 | 11.2
Fighting       | 3 4 5 6 |  6.9
Dodging        | |  2.4
Stealth        | |  1.0

Action                   |  1- 3 |  4- 6 |  7- 9 || total
-------------------------+-------+-------+-------++-------
Melee: Unarmed           |    72 |   106 |   272 ||   450
       Punch             |     1 |     3 |    10 ||    14
Invok: Whirlwind         |       |     1 |    37 ||    38
       Lunge             |       |       |    27 ||    27
       Wall Jump         |       |       |    20 ||    20
  Use: Scroll            |       |     9 |     3 ||    12
 Stab: Sleeping          |     7 |     4 |     5 ||    16
  Eat: Chunk             |    15 |    11 |    26 ||    52
Armor: Robe              |    23 |    43 |    78 ||   144
Dodge: Dodged            |    33 |    60 |    74 ||   167
